 Dungeon Crawl Stone Soup version 0.28-a0-938-gbc3f381ebc (webtiles) character file.

Game seed: 1913471648894840597

7002 mcbry74 the Basher (level 11, -7/91 HPs)
             Began as a Hill Orc Fighter on Nov 28, 2021.
             Was a Believer of Beogh.
             Mangled by a two-headed ogre (13 damage)
             ... on level 8 of the Dungeon.
             The game lasted 00:41:10 (11049 turns).

mcbry74 the Basher (Hill Orc Fighter)              Turns: 11049, Time: 00:41:11

Health: -7/91      AC: 16    Str: 29    XL:     11   Next: 8%
Magic:  14/17      EV: 10    Int:  8    God:    Beogh [**....]
Gold:   398        SH:  4    Dex: 10    Spells: 10/10 levels left

rFire   + . .      SeeInvis .   a - +0 flail
rCold   . . .      Faith    .   c - +0 buckler
rNeg    . . .      Spirit   .   A - +7 ring mail of Darkness {rF+}
rPois   .          Reflect  .   F - +0 helmet
rElec   .          Harm     .   h - scarf {repulsion}
rCorr   .          Rampage  .   j - +0 pair of gloves
Will    .....                   (no boots)
Stlth   ..........              (no amulet)
HPRegen 0.25/turn               z - +6 ring of strength
MPRegen 0.15/turn               (no ring)

@: repel missiles
A: no striking features
a: Renounce Religion, Smiting


You were on level 8 of the Dungeon.
You worshipped Beogh.
Beogh was pleased with you.
You visited 1 branch of the dungeon, and saw 9 of its levels.

You collected 436 gold pieces.
You spent 38 gold pieces at shops.

Inventory:

Hand Weapons
 a - a +0 flail (weapon)
 b - a +3 arbalest
 x - a +3 hand axe
 E - a +0 war axe
 H - a +2 vorpal shortbow
 P - a +4 arbalest
Missiles
 g - 53 bolts
 J - 62 arrows
Armour
 c - a +0 buckler (worn)
 h - a scarf of repulsion (worn)
 j - a +0 pair of gloves (worn)
 p - a +0 chain mail
 A - the +7 ring mail of Darkness (worn) {rF+}
   (You found it on level 5 of the Dungeon)

   rF:        It protects you from fire.
 F - a +0 helmet (worn)
 L - +0 steam dragon scales
 Q - a +0 scale mail of fire resistance
 R - the +18 shield of the Gong {rElec rN+ Will+ EV-5}
   (You found it on level 8 of the Dungeon)

   It is deafeningly noisy when blocking attacks.
   EV:        It affects your evasion (-5).
   rElec:     It insulates you from electricity.
   rN:        It protects you from negative energy.
   Will:      It increases your willpower.
Jewellery
 u - a ring of magical power
 z - a +6 ring of strength (left hand)
Wands
 d - a wand of iceblast (10)
 e - a wand of mindburst (17)
 C - a wand of flame (8) (quivered)
 K - a wand of digging (5)
 M - a wand of paralysis (7)
Scrolls
 f - 2 scrolls of enchant armour
 m - 2 scrolls of brand weapon
 n - a scroll of immolation {unknown}
 q - 2 scrolls of blinking
 r - 3 scrolls of fear
 v - 2 scrolls of torment {unknown}
 y - a scroll of magic mapping {unknown}
 D - a scroll of noise {unknown}
 G - a scroll of silence {unknown}
 I - a scroll of amnesia {unknown}
 N - a scroll of enchant weapon {unknown}
Potions
 k - 5 potions of haste
 l - 4 potions of curing
 t - 2 potions of brilliance
 w - a potion of mutation


   Skills:
 + Level 6.4 Fighting
 * Level 12.6 Maces & Flails
 + Level 8.1 Armour
 - Level 3.2 Shields
 + Level 8.8 Invocations
 + Level 5.8 Evocations


You had 10 spell levels left.
You didn't know any spells.
Your spell library contained the following spells:

 Spells                   Type           Power      Damage    Failure   Level
 Apportation              Tloc           0%         N/A       54%         1
 Summon Small Mammal      Summ           0%         N/A       54%         1
 Call Canine Familiar     Summ           0%         N/A       89%         3
 Gell's Gravitas          Tloc           0%         N/A       89%         3
 Inner Flame              Hex/Fire       0%         N/A       89%         3
 Lesser Beckoning         Tloc           0%         N/A       89%         3
 Summon Guardian Golem    Hex/Summ       0%         N/A       89%         3
 Teleport Other           Tloc           0%         N/A       89%         3
 Cause Fear               Hex            0%         N/A       100%        4
 Alistair's Intoxication  Tmut/Pois      0%         N/A       100%        5
 Dispersal                Tloc           0%         N/A       100%        6
 Discord                  Hex            0%         N/A       100%        8


Dungeon Overview and Level Annotations

Branches:
Dungeon (9/15)             Temple (0/1) D:5
   Lair: D:8-11         Orc: D:9-12

Altars:

Shops:
D:5 ?   D:6 =


Message History

You sock the two-headed ogre!
The two-headed ogre is moderately wounded.
The orc hits you but does no damage. The two-headed ogre barely misses you.
The two-headed ogre hits you but does no damage.
You hit the two-headed ogre.
The two-headed ogre is moderately wounded.
The orc misses you.
You hit the two-headed ogre.
The two-headed ogre is moderately wounded.
You block the two-headed ogre's attack.
The two-headed ogre hits you with a +0 giant club!
The orc barely misses you.
You barely miss the two-headed ogre.
The two-headed ogre is moderately wounded.
The orc hits you but does no damage.
The two-headed ogre hits you with a +0 giant club!
The two-headed ogre barely misses you.
You hit the two-headed ogre.
The two-headed ogre is heavily wounded.
The orc hits you but does no damage.
You barely miss the two-headed ogre.
The two-headed ogre is heavily wounded.
The two-headed ogre hits you with a +0 giant club!!
* * * LOW HITPOINT WARNING * * *
The two-headed ogre closely misses you.
You hit the two-headed ogre but do no damage.
The two-headed ogre is heavily wounded.
The orc barely misses you.
Aiming: Smiting
Press: ? - help, Dir - move target, f - two-headed ogre Smite: a two-headed ogre, wielding two +0 giant clubs (heavily wounded)
You smite the two-headed ogre!!
The two-headed ogre is severely wounded.
The two-headed ogre barely misses you. The two-headed ogre closely misses you.
You block the orc's attack.
You hit the two-headed ogre.
The two-headed ogre is almost dead.
You block the orc's attack.
The two-headed ogre hits you with a +0 giant club!
You die...

# ##.#
#^.....^.^# #
#.#
###^....^^##
#.#
#.###^.^###
#.###.# ##'##
#..##.# #^.^#
##.##.# #..##
##..#.###.##
#..รท.O.)...#
#...@[..>..#
#..o.......#
############


You could see a two-headed ogre and an orc.

Vanquished Creatures
  A hydra (D:8)
  2 two-headed ogres (D:8)
  Pikel (D:4)
  An ugly thing (D:8)
  2 vault sentinels (D:8)
  A troll (D:8)
  3 steam dragons
  Eustachio (D:6)
  An ice beast (D:7)
  3 orc warriors (D:8)
  A black bear (D:6)
  4 centaurs
  3 ogres (D:6)
  2 bullfrogs
  A kobold brigand (D:8)
  A scorpion (D:4)
  A water moccasin zombie (D:5)
  8 killer bees (D:8)
  10 wights
  A howler monkey (D:8)
  3 centaur zombies
  A gnoll shaman (D:6)
  3 orc priests
  2 bullfrog skeletons
  3 hounds
  4 iguanas
  A scorpion zombie (D:5)
  5 orc wizards
  A howler monkey zombie (D:6)
  10 gnolls
  5 adders
  2 white imps
  An ufetubus (D:5)
  3 worms
  2 dart slugs
  27 orcs
  7 ball pythons
  7 endoplasms
  5 giant cockroaches
  4 hobgoblins
  A quokka (D:4)
  2 bats (D:2)
  A frilled lizard (D:3)
  4 goblins
  7 kobolds
  2 rats
161 creatures vanquished.

Vanquished Creatures (others)
  An orc (D:4)
1 creature vanquished.

Grand Total: 162 creatures vanquished

Notes
Turn   | Place    | Note
-------+----------+-------------------------------------------
     0 | D:1      | mcbry74 the Hill Orc Fighter began the quest for the Orb.
     0 | D:1      | Reached XP level 1. HP: 19/19 MP: 1/1
   358 | D:1      | Reached skill level 3 in Maces & Flails
   358 | D:1      | Reached XP level 2. HP: 21/26 MP: 2/2
   815 | D:2      | Found a faded altar of an unknown god.
   844 | D:2      | Reached XP level 3. HP: 22/31 MP: 3/3
   897 | D:2      | HP: 1/31 [gnoll (6)]
   903 | D:2      | Reached skill level 4 in Maces & Flails
  1490 | D:2      | Reached XP level 4. HP: 39/39 MP: 4/4
  1771 | D:4      | Reached skill level 5 in Maces & Flails
  1778 | D:4      | Noticed a scorpion
  2179 | D:3      | Noticed a steam dragon
  2191 | D:3      | Killed a steam dragon
  2192 | D:3      | Reached skill level 6 in Maces & Flails
  2192 | D:3      | Reached XP level 5. HP: 19/45 MP: 5/5
  2192 | D:3      | Reached XP level 6. HP: 21/51 MP: 6/6
  2654 | D:3      | Became a worshipper of Beogh the Brigand
  2841 | D:4      | Reached skill level 7 in Maces & Flails
  2859 | D:4      | Reached skill level 1 in Invocations
  3382 | D:4      | Reached XP level 7. HP: 8/57 MP: 8/8
  3894 | D:4      | Noticed Pikel
  3902 | D:4      | Killed Pikel
  3903 | D:4      | Reached skill level 8 in Maces & Flails
  3903 | D:4      | Reached XP level 8. HP: 41/64 MP: 8/11
  4246 | D:5      | Entered Level 5 of the Dungeon
  4300 | D:5      | Identified the +7 ring mail of Darkness {rF+}
  4316 | D:5      | Found a staircase to the Ecumenical Temple.
  4394 | D:5      | Reached skill level 5 in Armour
  4461 | D:5      | Reached * piety under Beogh
  4654 | D:5      | Reached skill level 1 in Evocations
  4677 | D:5      | Reached skill level 9 in Maces & Flails
  4679 | D:5      | Found Vazet's Magic Scroll Shop.
  4682 | D:5      | Bought a scroll of fear for 38 gold pieces
  5167 | D:6      | Reached skill level 5 in Invocations
  5527 | D:6      | Noticed Eustachio
  5537 | D:6      | Killed Eustachio
  5575 | D:6      | Reached XP level 9. HP: 39/70 MP: 13/13
  5856 | D:6      | Reached skill level 10 in Maces & Flails
  6227 | D:6      | Found Xishryolez's Jewellery Shop.
  6442 | D:7      | Reached ** piety under Beogh
  7342 | D:7      | Reached skill level 11 in Maces & Flails
  7949 | D:8      | Noticed a vault sentinel
  7949 | D:8      | Noticed a vault sentinel
  8150 | D:8      | Killed a vault sentinel
  8151 | D:8      | Reached XP level 10. HP: 77/80 MP: 5/15
  8163 | D:8      | Killed a vault sentinel
  8164 | D:8      | Found the +18 shield of the Gong {rElec rN+ Will+ EV-5}
  8207 | D:8      | Noticed a two-headed ogre
  8215 | D:8      | Killed a two-headed ogre
  8216 | D:8      | Reached skill level 5 in Fighting
  8446 | D:9      | Noticed a two-headed ogre
  8452 | D:8      | Reached skill level 5 in Evocations
  8615 | D:9      | Noticed a red ugly thing
  8968 | D:8      | Killed a red ugly thing
  8972 | D:8      | Killed a two-headed ogre
  8973 | D:8      | Reached skill level 12 in Maces & Flails
 10678 | D:9      | Noticed a boulder beetle
 10882 | D:9      | Noticed a five-headed hydra
 10892 | D:8      | Killed a five-headed hydra
 10893 | D:8      | Reached XP level 11. HP: 55/91 MP: 17/17
 11037 | D:9      | Noticed a two-headed ogre
 11049 | D:8      | Mangled by a two-headed ogre

Illustrated notes

Levels and vault maps discovered:
D:1:      erik_arrival_cave_to_civilisation [erik_arrival_cave_to_hall],
          layout_basic
D:2:      cheibrodos_helix_gallery, layout_basic,
          ebering_ecumenical_altar_ruins, kennysheep_big_empty_room
D:3:      layout_rooms
D:4:      layout_basic, minmay_pentomino_pile, uniq_pikel
D:5:      layout_loops_cross, minmay_temple_entry_mist, serial_shops,
          kennysheep_mini_moat
D:6:      layout_gridville, serial_shops, nicolae_square_shop,
          nicolae_figureground_pulse, uniq_eustachio
D:7:      layout_gridville, chequers_serial_rivers_room_a
D:8:      layout_rooms, hangedman_decor_opposing, hellmonk_guarded_unrand_gong
D:9:      layout_big_octagon, lemuel_crystal_altar, erik_orc_1, enter_bailey_5,
          serial_gnoll_camp, gnoll_camp_mini_doghouse, grums_kennel,
          gnoll_camp_mini_house, gnoll_camp_mini_loothouse, minmay_ruined_shrine

Skill      XL: |  1  2  3  4  5  6  7  8  9 10 |
---------------+-------------------------------+-----
Maces & Flails | 3 4 6 7 8 9 11 12 | 12.6
Invocations    | 2 4 5 7 8 |  8.8
Armour         | 4 5 7 8 |  8.1
Evocations     | 2 4 5 |  5.8
Fighting       | 4 6 |  6.4
Shields        | |  3.2

Action                   |  1- 3 |  4- 6 |  7- 9 | 10-12 || total
-------------------------+-------+-------+-------+-------++-------
Melee: Flail             |    67 |   170 |   350 |   192 ||   779
Invok: Convert to Beogh  |       |     1 |       |       ||     1
       Smiting           |       |       |     3 |     3 ||     6
Evoke: Wand              |       |       |     4 |     4 ||     8
  Use: Potion            |       |     1 |     3 |     4 ||     8
       Scroll            |       |       |     9 |     3 ||    12
 Stab: Paralysed         |       |       |       |     7 ||     7
Armor: Scale mail        |    25 |    86 |     8 |       ||   119
       Ring mail         |       |       |   194 |   137 ||   331
       Chain mail        |       |       |     5 |       ||     5
Dodge: Dodged            |    25 |    72 |   157 |   147 ||   401
       Repelled          |       |     2 |     4 |       ||     6
Block: Buckler           |    11 |    28 |    61 |    53 ||   153
       Kite shield       |       |       |       |    34 ||    34

Table legend: (Time is in decaauts)
 A = Elapsed time spent in this place.
 B = Non-inter-level travel time spent in this place.
 C = Inter-level travel time spent in this place.
 D = Time resting spent in this place.
 E = Time spent auto-exploring this place.
 F = Levels seen in this place.
 G = Mean time per level.
                   A        B        C        D        E       F      G
               +--------+--------+--------+--------+--------+-----+--------+
         Total |  11031 |  10551 |    480 |   4717 |   3501 |   9 | 1225.7 |
       Dungeon |  11031 |  10551 |    480 |   4717 |   3501 |   9 | 1225.7 |
               +--------+--------+--------+--------+--------+-----+--------+

Top non-repeatable levels by time:
     D:8: 3488 daAuts
     D:4: 1502 daAuts
     D:6: 1385 daAuts
     D:1: 1099 daAuts
     D:7: 1088 daAuts
     D:3: 929 daAuts
     D:2: 755 daAuts
     D:5: 752 daAuts
     D:9: 30 daAuts
